AoeStats
← Dulcolaxi

Arabia

509283689Analyzed
1v1 RM · 8d ago on Sep 26, 2026· 23m 27s· 2 players
Game mode
Random Map
Map size
Tiny (2 player)
Population
200
Speed
Normal
Resources
Standard
Victory
Conquest
Starting age
Dark Age
Ending age
Imperial Age
RankedLock teamsTeams togetherTeam positionsShared explorationLock speedFull tech treeHidden civsTurbo modeCheats
Victory
Defeat
🇹🇷 Burgundians · Türkiye
631
+18
🇦🇷 Burgundians · Argentina
671
-18
Wildcat
4:43 Loom
10:06 Feudal Age
10:36 Double-Bit Axe
12:51 Loom
15:57 Fletching
17:39 Padded Archer Armor
24:27 Castle Age
22:59 Horse Collar
Dulcolaxi
8:48 Double-Bit Axe
13:49 Feudal Age
13:52 Man-at-Arms
15:10 Wheelbarrow
16:11 Horse Collar
20:44 Loom
23:41 Hand Cart
Connection lost

Rejoining the realm…

Still unreachable

The connection could not be restored.

Session expired

The server has moved on; the page needs a fresh start.